Cogmind - Beta 15 @@@ ROGUE MODE // 2025.06.02 @ 11:52:16 Player: the cat! Result: Destroyed by FG-QHB(R) with Subdweller Beam Cannon Performance ------------- Evolutions (0) 0 Regions Visited (2) 400 Robots Destroyed (22) 110 Value Destroyed (504) 504 Prototype IDs (2) 40 Alien Tech Used (0) 0 Bonus (0) 0 TOTAL SCORE: 1054 Bonus ------- None Cogmind --------- Core Integrity 0/250 Matter 278/300 Energy 132/200 System Corruption 2% Temperature Cool (18) Movement Treading (240) Ox1 Location -10/Subcaves Parts ------- > --- POWER (1) -------- Subdweller Power Source > --- PROPULSION (2) --- Improved Treads > --- UTILITY (2) ------ Large Storage Unit Core Shielding > --- WEAPON (2) ------- Subdweller Laser Subdweller Machine Gun > --- INVENTORY (15) --- Wheel Subdweller Monowheel Disposable Heat Sink Large Matter Pod (150) Subdweller Optics Signal Interpreter Seismic Detector Utility Shielding Battle Rifle Makeshift Shrapnel Gun Mining Laser Heavy Hammer Heavy Hammer Mining Claw Peak State ------------ > --- POWER ------------ Subdweller Power Source > --- PROPULSION ------- Improved Treads Wheel > --- UTILITY ---------- Large Storage Unit Core Shielding > --- WEAPON ----------- Subdweller Laser Subdweller Machine Gun > --- INVENTORY -------- Wheel Subdweller Monowheel Disposable Heat Sink Large Matter Pod Subdweller Optics Signal Interpreter Seismic Detector Utility Shielding Battle Rifle Makeshift Shrapnel Gun Mining Laser Heavy Hammer Heavy Hammer Mining Claw [Rating: 13] Favorites ----------- Power Ion Engine Engine Ion Engine Propulsion Improved Treads Treads Improved Treads Leg Aluminum Leg Wheel Wheel Utility Large Storage Unit Device Seismic Detector Storage Large Storage Unit Processor Targeting Computer Protection Core Shielding Weapon Small Laser Energy Gun Small Laser Ballistic Gun Light Assault Rifle Special Weapon Mining Laser Impact Weapon Heavy Hammer Slashing Weapon Mining Claw Build | -11 -10 -10 ------- Run | Yrd Mat Sub Slots Evolved . | . . . Power . | . . . Propulsion . | . . . Utility . | . . . Weapon . | . . . Parts Attached 25 | . 14 11 Power 3 | . 1 2 Engine 3 | . 1 2 Core . | . . . Reactor . | . . . Propulsion 6 | . 3 3 Treads 4 | . 3 1 Leg . | . . . Wheel 2 | . . 2 Hover . | . . . Flight . | . . . Utility 5 | . 3 2 Device 2 | . . 2 Storage 1 | . 1 . Processor 1 | . 1 . Hackware . | . . . Protection 1 | . 1 . Artifact . | . . . Weapon 11 | . 7 4 Energy Gun 2 | . 1 1 Energy Cannon . | . . . Ballistic Gun 5 | . 2 3 Ballistic Cannon . | . . . Launcher . | . . . Special Weapon 1 | . 1 . Impact Weapon 2 | . 2 . Slashing Weapon 1 | . 1 . Piercing Weapon . | . . . Special Melee Weapon . | . . . Unidentified Prototypes . | . . . Parts Lost 9 | . 2 7 Power 2 | . . 2 Propulsion 5 | . 1 4 Utility . | . . . Weapon 2 | . 1 1 Highest Loss Streak 3 | . 1 3 To Critical Strikes . | . . . Average Backups 12 | 6 11 14 Power . | 1 1 . Propulsion 3 | 4 3 2 Utility 5 | . 3 6 Weapon 3 | 1 2 4 Tool/Special . | . . . Unused Backups 21 | 6 5 10 Power 1 | 1 . . Propulsion 8 | 2 3 3 Utility 7 | 1 . 6 Weapon 4 | 2 1 1 Tool/Special 1 | . 1 . Average Slot Usage (%) 99 | . 98 99 Engine 14 | . 14 14 Treads 20 | . 25 15 Leg 1 | . 2 . Wheel 5 | . . 12 Device 3 | . . 7 Storage 14 | . 14 14 Processor 5 | . 10 . Protection 4 | . 2 6 Energy Gun 9 | . 12 5 Ballistic Gun 17 | . 13 21 Peak Build Rating 13 | 6 12 13 Average Rating 10 | 6 9 10 On Entrance 7 | 6 6 10 Naked Turns . | . . . Heaviest Build 34 | 11 31 34 Greatest Support 46 | 20 46 46 Greatest Overweight (x) 3 | . 1 3 Average Overweight (x) 1 | . . 2 Largest Inventory Capacity 15 | 8 15 15 Average Capacity 14 | 8 13 15 Most Carried 15 | 6 15 15 Average Carried 12 | 6 11 14 Final Capacity 15 | 8 15 15 Final Carried 15 | 6 15 14 Class Distribution -------------------- 100% | Mutant Dominant Class ---------------- Mutant | -10/Materials Mutant | -10/Subcaves Resources | -11 -10 -10 ----------- Run | Yrd Mat Sub Matter Collected 805 | 200 441 164 Remotely . | . . . Salvage Created 704 | . 582 122 Parts 45 | . 37 8 Haulers Intercepted 1 | . 1 . Recyclers Shooed . | . . . Parts Field Recycled . | . . . Retrieved Matter . | . . . Parts Self-Destructed 6 | . . 6 Prevented . | . . . Kills | -11 -10 -10 ------- Run | Yrd Mat Sub Combat Hostiles Destroyed 17 | . 14 3 Melee 1 | . 1 . Guns 16 | . 13 3 Classes Destroyed 7 | . 6 1 Worker 2 | . 2 . Hauler 1 | . 1 . Recycler 1 | . 1 . Watcher 1 | . 1 . Swarmer 6 | . 6 . Grunt 8 | . 8 . Subdweller 3 | . . 3 Best Kill Streak 3 | . 3 2 Combat Bots Only 3 | . 3 2 Max Kills in Single Turn 2 | . 2 1 Gunslinging . | . . . Exploded . | . . . Melee 1 | . 1 . Uniques/NPCs Destroyed . | . . . Combat | -11 -10 -10 -------- Run | Yrd Mat Sub Hostile Shots Fired 119 | . 76 43 Missed 33 | . 23 10 Hits 86 | . 53 33 Projectile 86 | . 53 33 Critical Strikes 4 | . 2 2 Actively Blocked 1 | . . 1 Damage Taken 1622 | . 857 765 Core 264 | . 146 118 Absorbed by Shields . | . . . Redirected to Shielding 23 | . 2 21 Core Remaining (%) 100 | 100 . . Volleys Fired 71 | . 48 23 Largest 2 | . 2 2 Hottest 140 | . 140 90 Shots Fired 136 | . 91 45 Gun 133 | . 88 45 Cannon . | . . . Launcher . | . . . Special 3 | . 3 . Kinetic 76 | . 45 31 Thermal 60 | . 46 14 Explosive . | . . . Electromagnetic . | . . . Robot Hit Streak 18 | . 18 10 Robot Miss Streak 7 | . 7 1 Penetration Max . | . . . Secondary Targets 1 | . 1 . Max Gunslinging Chain 1 | . 1 . Shots Hit Robots 97 | . 62 35 Core Hits 36 | . 27 9 Critical Kills 1 | . . 1 Critical Parts Destroyed 1 | . 1 . Critical Strikes 2 | . 1 1 Destroy 1 | . . 1 Smash 1 | . 1 . Melee Attacks 11 | . 5 6 Impact 1 | . 1 . Slashing 10 | . 4 6 Piercing . | . . . Sneak Attacks . | . . . Combat Hostiles . | . . . Follow-up Attacks . | . . . Damage Inflicted 1159 | . 780 379 Guns 1103 | . 724 379 Cannons . | . . . Explosions . | . . . Melee 32 | . 32 . Ramming . | . . . Kinetic 599 | . 370 229 Thermal 528 | . 378 150 Explosive . | . . . Electromagnetic . | . . . Impact 32 | . 32 . Slashing . | . . . Piercing . | . . . Highest Corruption 2 | . 2 2 Average Corruption 2 | . 2 2 Corruption Purged . | . . . Corruption Blocked . | . . . Effects 19 | . 6 13 Message Errors 4 | . 1 3 Matter Fused 6 | . 2 4 Heat Flow Errors 2 | . . 2 Energy Discharges 2 | . 1 1 Data Loss (minor) 3 | . 2 1 Misfires 2 | . . 2 Overload Shots . | . . . Overflow Damage 32 | . 32 . Projectiles . | . . . Explosions . | . . . Melee 32 | . 32 . Knockbacks . | . . . Impact . | . . . Kinetic . | . . . Secondary . | . . . Self-Inflicted Damage . | . . . Shots . | . . . Rammed . | . . . Targets Rammed . | . . . Kicked . | . . . Crushed . | . . . Highest Temperature 253 | . 253 168 Average Temperature 67 | . 68 62 Received Heat Transfer 468 | . 303 165 Effects 2 | . 2 . Energy Bleed 2 | . 2 . Siege Activations . | . . . Martial Activations . | . . . Shielding Activations . | . . . Robots Disrupted . | . . . Combat Hostiles . | . . . Robots Corrupted . | . . . Combat Hostiles . | . . . Parts Fried . | . . . Impact Corruptions 1 | . 1 . Robots Melted . | . . . Combat Hostiles . | . . . Parts Melted 1 | . 1 . Heat Transferred 1100 | . 850 250 Parts Sabotaged . | . . . Parts Stolen . | . . . Parts Stripped . | . . . Power Chain Reactions . | . . . Alert | -11 -10 -10 ------- Run | Yrd Mat Sub Maximum Alert Level . | . . . Low Security (%) 100 | 100 100 . Level 1 . | . . . Level 2 . | . . . Level 3 . | . . . Level 4 . | . . . Level 5 . | . . . High Security . | . . . Max Security . | . . . Peak Influence 103 | . 103 . Initial . | . . . Average 41 | . 41 . Influence Increases 425 | . 425 . Destroy 0b10 Robot/C 280 | . 280 . Destroy 0b10 Robot/NC 25 | . 25 . Destroy Leader 64 | . 64 . Successful Hack 22 | . 22 . Destroy Structure 4 | . 4 . Lose Combat Pursuer 30 | . 30 . Influence Decreases 425 | . 363 62 Entered New Map 30 | . . 30 Time Decay 373 | . 343 30 Lost Part 22 | . 20 2 Squads Dispatched 3 | . 3 . Investigation 2 | . 2 . Extermination . | . . . Reinforcement 1 | . 1 . Assault . | . . . Garrison . | . . . Intercept . | . . . Searches Triggered . | . . . Construction Impeded . | . . . Haulers Reinforced . | . . . Active Scanning Responses . | . . . Cargo Convoy Interrupts . | . . . Stealth | -11 -10 -10 --------- Run | Yrd Mat Sub Distress Signals 3 | . 3 . Communications Jammed . | . . . Distress Signals . | . . . Times Spotted 29 | . 23 6 Peak Tracking Total 4 | . 4 3 Tactical Retreats 2 | . 2 . Traps | -11 -10 -10 ------- Run | Yrd Mat Sub Traps Triggered 3 | . 3 . Indirectly . | . . . Trap Hack Attempts . | . . . Triggered . | . . . Disarmed . | . . . Reprogrammed . | . . . Reused . | . . . Traps Extracted . | . . . Installed . | . . . Triggered . | . . . Machines | -11 -10 -10 ---------- Run | Yrd Mat Sub Machines Disabled 2 | . 2 . Max in Single Turn 1 | . 1 . Machines Repaired . | . . . Machines Dismantled . | . . . Machines Sabotaged . | . . . Overloaded Fab Kills . | . . . Hacking | -11 -10 -10 --------- Run | Yrd Mat Sub Machines Accessed 9 | . 8 1 Terminals 6 | . 6 . Fabricators . | . . . Repair Stations . | . . . Recycling Units 2 | . 2 . Scanalyzers . | . . . Garrison Access . | . . . Total Hacks 31 | . 26 5 Successful 17 | . 12 5 Failed 14 | . 14 . Catastrophic 2 | . 2 . Database Lockouts . | . . . Manual 12 | . 12 . Terminals 20 | . 20 . Fabricators . | . . . Repair Stations . | . . . Recycling Units 6 | . 6 . Scanalyzers . | . . . Garrison Access . | . . . Terminal Hacks 13 | . 8 5 Record 5 | . . 5 Prototype ID Bank 1 | . 1 . Branch Access Points 1 | . 1 . Terminal Index 1 | . 1 . Alert Level 1 | . 1 . Locate Traps 1 | . 1 . Hauler Manifests 1 | . 1 . Zone Layout 2 | . 2 . Fabricator Hacks . | . . . Repair Station Hacks . | . . . Recycling Unit Hacks . | . . . Scanalyzer . | . . . Garrison Access Hacks . | . . . Unauthorized Hacks 4 | . 4 . Terminals 2 | . 2 . Track 2 | . 2 . Fabricators . | . . . Repair Stations . | . . . Recycling Units 2 | . 2 . Reject 2 | . 2 . Scanalyzers . | . . . Garrison Access . | . . . Data Cores Recovered . | . . . Used . | . . . Hacking Detections 8 | . 8 . Full Trace Events . | . . . Feedback Events . | . . . Feedback Blocked . | . . . Robot Schematics Acquired . | . . . Robots Built . | . . . Authchips . | . . . Time . | . . . Total Robot Build Rating . | . . . Part Schematics Acquired . | . . . Parts Built . | . . . Authchips . | . . . Time . | . . . Total Part Build Rating . | . . . Parts Repaired . | . . . Time . | . . . Parts Recycled . | . . . Recycled Matter . | . . . Retrieved Matter . | . . . Retrieved Components . | . . . Parts Scanalyzed . | . . . Part Schematics Acquired . | . . . Parts Damaged . | . . . Bothacking | -11 -10 -10 ------------ Run | Yrd Mat Sub Used RIF Installer . | . . . Robots Hacked . | . . . Non-combat . | . . . Combat . | . . . Robot Hacks Applied . | . . . Relay Couplers Released . | . . . Fabnet Peak Effective % . | . . . Robots Rewired . | . . . Allies Hacked . | . . . Hacks Repelled . | . . . Allies | -11 -10 -10 -------- Run | Yrd Mat Sub Total Allies . | . . . Largest Group . | . . . Highest-Rated Group . | . . . Highest-Rated Ally . | . . . Total Orders . | . . . Ally Attacks . | . . . Total Damage . | . . . Kills . | . . . Allies Corrupted . | . . . Allies Melted . | . . . Intel | -11 -10 -10 ------- Run | Yrd Mat Sub Active Infowar (turns) 642 | . . 642 Optics 1 | . . 1 Seismic 641 | . . 641 Robot Analysis Total . | . . . Derelict Logs Recovered 1 | . . 1 Drone Launches . | . . . Drone Recoveries . | . . . Exploration | -11 -10 -10 ------------- Run | Yrd Mat Sub Turns Passed 2574 | 4 1363 1207 Spaces Moved 1572 | 4 708 860 Core . | . . . Treads 658 | . 604 54 Legs 108 | 4 104 . Wheels 806 | . . 806 Hover . | . . . Flight . | . . . Fastest Speed 110 | 120 120 110 Average Speed 139 | 120 154 127 Slowest Speed 240 | 120 240 160 Overloaded Moves . | . . . Propulsion Burnouts . | . . . Robots Hopped . | . . . Potential Cave-ins . | . . . Cave-ins Triggered 1 | . 1 . Exploration Rate (%) 48 | 2 93 51 Regions Visited 2 Branch Regions 1 Pre-discovered Areas 3 | . . 3 Known Exits Taken . | . . . Unknown Exits Taken 2 | 1 1 . Scrap Searched 2 | . . 2 Spaces Dug 4 | . 4 . Terrain Destroyed 4 | . 4 . Melee 4 | . 4 . Projectile . | . . . AOE . | . . . Terrain Rammed . | . . . Walls Destroyed . | . . . Machines Disabled . | . . . Actions | -11 -10 -10 --------- Run | Yrd Mat Sub Total 1799 | 3 875 921 Wait 72 | . 68 4 Move 1570 | 3 707 860 Hop . | . . . Pick Up 26 | . 19 7 Fast Attach 9 | . 5 4 Attach 9 | . 3 6 Detach . | . . . Swap 14 | . 9 5 Drop 17 | . 11 6 Fire 71 | . 48 23 Melee 11 | . 5 6 Ram . | . . . Kick . | . . . Crush . | . . . Escape Stasis . | . . . Rewire . | . . . Trap . | . . . Miscellaneous . | . . . Route ------- -11/Scrapyard -10/Materials (discovered 5 exits: [*Mat x3] / *Min / *Sub) -10/Subcaves History --------- Turn | Location | Event 1 | -11/Scrapyard | Discovered new exit (range 1) 5 | -11/Scrapyard | Entered Materials 83 | -10/Materials | Identified exit to Mines 117 | -10/Materials | Discovered new exit (range 16) 310 | -10/Materials | Build established: Mutant 560 | -10/Materials | Discovered new exit (range 16) 741 | -10/Materials | Crushed by falling debris 829 | -10/Materials | Core integrity fell below 50% 1043 | -10/Materials | Discovered new exit (range 10) 1357 | -10/Materials | Discovered new exit (range 5) 1368 | -10/Materials | Entered Subcaves 1369 | -10/Subcaves | Approached by a straggling Scientist 1511 | -10/Subcaves | Lost 3 parts (1p1n1w) 1937 | -10/Subcaves | Visited Clippyterm 1941 | -10/Subcaves | Learned location of Deep Caves (-7) 1941 | -10/Subcaves | Learned location of Extension (-4) 2157 | -10/Subcaves | Core integrity fell below 20% 2295 | -10/Subcaves | A swath of the cavern ceiling suddenly collapsed 2575 | -10/Subcaves | Destroyed by FG-QHB(R) with Subdweller Beam Cannon Last Messages --------------- 02216_ Found 56 Matter. 02218_ Dropped Lgt. Assault Rifle. 02219_ Acquired Battle Rifle. 02223_ Acquired Mak. Shrapnel Gun. 02265_ PV-3DN(u) tweaks Twisted Machinery. 02267_ PV-3DN(u) builds Twisted Machinery. A swath of the cavern ceiling suddenly collapses. 02428_ System corrupted: FCS attempts to trigger Sub. Laser. 02428_ System corrupted: Sub. Laser misfires. 02463_ Acquired 8 matter. 02469_ Acquired 9 matter. 02470_ Acquired 3 matter. 02474_ System corrupted: Matter fused (-7). 02480_ Acquired 7 matter. 02525_ System corrupted: Matter fused (-5). 02529_ Acquired 5 matter. 02567_ Ion Engine destroyed. 02574_ Wheel destroyed. Map ----- +----------------------------------------------------+ | #???? ????### ##???????????#????????????? | | #???? ????## # #?????????? ???????????? | | # #??? #????## ##???????? ????????????? | | # ##### #?????# ##?##??? #?????????????? | | # ## #????#% ## #? ### #??????????????? | | # #???# % %#?#% #? % #??????????????? | | # # ?????# ???# ## #??????????????? | | # # #??????# ???# % ###????????????? | | # ##?????# ??## ?????????? | | ##????# ## ?????????? | | ####?# ## ###????????????? | | #?## ### #??????????????? | | ## ####??# #### #### #??????????????? | | ######?????# ###?## #??? ???????????????? | | #??????????#### #?# ###???????????????????? | | #????????????# ## ##????????????????????? | | ??????????# #????????????????????? | | #????????# #????????????????????? | | ##????????# #????????????????????? | | ##????#????# #????????????????????? | | ##???? ### ### #????????????????????? | | #????# ### #????????????????????? | | ???? #????????????????????? | | ????? ## #????????????????????? | | ???????## ##???????????????????? | | ??????????# @ #???????????????????? | | ####???????????# #??????????????????? | | ???????????????# #??????????????????? | | ???????????????# #?????????????????? | | ???????????????# ????????????????? | | ?????????????? ??????????????? | | ????????????# ????????????? | | ???????????? R ???????????? | | ????????????? ???????????? | | ????????????? RR ???????????? | | ?????????????? ### ????????????? | | ?????????????? ??? ????????????? | | ????????????????##### ??? #####??????????????? | | ????????????????????## ??? #??????????????????? | | ?????????????????????#???? #???????????????????? | | ?????????????????????????? ?????????????????????? | | ?????????????????????????????????????????????????? | | ?????????????????????????????????????????????????? | | ?????????????????????????????????????????????????? | | ?????????????????????????????????????????????????? | | ?????????????????????????????????????????????????? | | ?????????????????????????????????????????????????? | | ?????????????????????????????????????????????????? | | ?????????????????????????????????????????????????? | | ?????????????????????????????????????????????????? | +----------------------------------------------------+ Best States ------------- Heat Dissipation 25 Energy Generation 15 Energy Capacity 250 Matter Stores 300 Matter Capacity 300 Sight Range 16 Terrain Scan Density 10 Core Shielding 20 Evasion (%) 55 Targeting Accuracy 5 Recoil Reduction 2 Item Schematics ----------------- None Robot Schematics ------------------ None Fabricated ------------ Nothing Repaired ---------- Nothing Alien Tech Used ----------------- None Achievements -------------- None Challenges ------------ None Game ------ Seed AuthchipArmageddonDevice Manual? 0 Play Time 00:21:07 Cumulative 332.0 hours Start 2025.06.02 @ 11:34:02 End 2025.06.02 @ 11:52:16 Sessions 1 Manual Loads 0 Difficulty Rogue Special Mode None Game No. 96 Rogue 79 Adventurer 17 Explorer 0 Win Type - Total 18 Types 8/1/7/1/0/0/1/0/0/0 Lore% 60 Gallery% 71 Achievement% 73 Wizard Run 0 Options --------- Layout 1 ASCII 0 Keyboard 0 Movement Arrows Keybinds 0 Fullscreen 1 Font 24/Terminus Map View 50x35 Zoom Use 0% Tactical HUD 1 Map Filters NONE Filters NONE Steam 1 RUN: 5712ab58-e628-49e3-bfa3-cc7df5e92682